 Dungeon Crawl Stone Soup version 0.27-a0-887-gcab673c142 (webtiles) character file.

Game seed: 1989401491889787207

67 wakim the Covered (level 3, -12/33 HPs)
             Began as a Minotaur Fighter on Apr 3, 2021.
             Mangled by Crazy Yiuf
             ... wielding a +3 quarterstaff of chaos
              (15 damage)
             ... on level 2 of the Dungeon.
             The game lasted 00:03:56 (2360 turns).

wakim the Covered (Minotaur Fighter)                Turns: 2360, Time: 00:03:57

Health: -12/33     AC:  7    Str: 21    XL:     3   Next: 98%
Magic:  2/2        EV: 12    Int:  5    God:
Gold:   106        SH:  9    Dex:  9    Spells: 2/2 levels left

rFire    . . .     SeeInvis .   a - +0 flail
rCold    + . .     Faith    .   c - +0 kite shield
rNeg     . . .     Spirit   .   e - +0 scale mail
rPois    .         Reflect  .   (helmet restricted)
rElec    .         Harm     .   (no cloak)
rCorr    .         Rampage  .   (no gloves)
Will     .....                  (no boots)
Stlth    ..........             f - amulet of magic regeneration
HPRegen  0.11/turn              d - ring of protection from cold
MPRegen  0.33/turn              (no ring)

@: agile, slowed, very slow
A: horns 2, retaliatory headbutt
a: no special abilities


You were on level 2 of the Dungeon.
You visited 1 branch of the dungeon, and saw 2 of its levels.

You collected 106 gold pieces.

Inventory:

Hand Weapons
 a - a +0 flail (weapon)
 b - a +0 hunting sling
Missiles
 g - 22 bolts
Armour
 c - a +0 kite shield (worn)
 e - a +0 scale mail (worn)
Jewellery
 d - a ring of protection from cold (left hand)
 f - an amulet of magic regeneration (around neck)
Scrolls
 r - a scroll of identify
Potions
 F - a potion of curing


   Skills:
 + Level 4.1 Fighting
 * Level 3.5 Maces & Flails
 * Level 4.5 Armour
 + Level 4.0 Shields


You had 2 spell levels left.
You didn't know any spells.
Your spell library was empty.

Dungeon Overview and Level Annotations

Branches:
Dungeon (2/15)

Altars:

Annotations:
D:2 Crazy Yiuf, Terence


Innate Abilities, Weirdness & Mutations

You have a pair of horns on your head.
You reflexively headbutt those who attack you in melee.


Message History

You open the door.
There is an open door here.
You feel your willpower return.
Found a whip.
There is an open door here.
There is an open door here.
You see here 22 bolts.
g - 22 bolts
Found a mace.
Found a runed translucent door.
Crazy Yiuf shouts!
Crazy Yiuf says, "Defame!
Snurf koolooloo agre."
You open the door. You hit Crazy Yiuf. Your headbutt misses Crazy Yiuf.
Crazy Yiuf is lightly wounded.
Crazy Yiuf hits you with a +3 quarterstaff of chaos!
You are confused.
You hit Crazy Yiuf but do no damage.
Crazy Yiuf is lightly wounded.
Crazy Yiuf hits you with a +3 quarterstaff of chaos!
* * * LOW HITPOINT WARNING * * *
You feel yourself slow down.
You bump into the tree.
Crazy Yiuf says, "Crazy?
Crazy!?
PORCUPINE!"
Crazy Yiuf closely misses you.
Crazy Yiuf grits, "Flower noodlescoop testudinal!"
Crazy Yiuf barely misses you.
You miss Crazy Yiuf. Your headbutt misses Crazy Yiuf.
Crazy Yiuf is lightly wounded.
Crazy Yiuf hits you with a +3 quarterstaff of chaos!
* * * LOW HITPOINT WARNING * * *
You feel agile all of a sudden. Crazy Yiuf closely misses you.
You feel less confused.
Crazy Yiuf yells, "Hah ena koolooloo!"
Crazy Yiuf waves his quarterstaff at you.
Crazy Yiuf closely misses you. You furiously retaliate!
You headbutt Crazy Yiuf, but do no damage.
Crazy Yiuf flaps his cloak.
Crazy Yiuf hits you with a +3 quarterstaff of chaos!
You die...

######## #.)....# #.#...##
####### #......# #......
#......##♣♣ ### #.#####
#.........♣♣ ♣♣#..)# #.# #
###........♣♣♣♣.'...# #.# #
##........♣g.♣#...# #.# #
#..#....♣@♣♣♣ ### #.##### #
#..###♣♣♣♣♣ #...... # #..#
####... # #..####### ### #### #
##........# ##'## #
#......######...## # #..###.#
##.....## ### # #..#.#.#
##.......## ##.##
#######......###.........####...#


You could see Crazy Yiuf.

Vanquished Creatures
  2 adders (D:2)
  2 dart slugs
  2 ball pythons (D:1)
  4 bats (D:1)
  An endoplasm (D:1)
  4 giant cockroaches (D:1)
  6 goblins
  7 hobgoblins
  A quokka (D:2)
  A frilled lizard (D:2)
  5 kobolds
  6 rats
41 creatures vanquished.

Notes
Turn   | Place    | Note
-------+----------+-------------------------------------------
     0 | D:1      | wakim the Minotaur Fighter began the quest for the Orb.
     0 | D:1      | Reached XP level 1. HP: 19/19 MP: 0/0
   104 | D:1      | HP: 1/20 [dart slug/slug dart (2)]
   108 | D:1      | Reached XP level 2. HP: 2/27 MP: 1/1
   980 | D:1      | Reached XP level 3. HP: 29/33 MP: 2/2
  1480 | D:2      | Noticed Terence
  2347 | D:2      | Found a runed translucent door.
  2348 | D:2      | Noticed Crazy Yiuf
  2360 | D:2      | Mangled by Crazy Yiuf

Illustrated notes

Levels and vault maps discovered:
D:1:      psy_arrival_conway, layout_basic
D:2:      layout_loops_corners, uniq_crazy_yiuf_cottage, uniq_terence

Skill      XL: |  1  2  3 |
---------------+----------+-----
Armour         | 4 |  4.5
Maces & Flails | 3 |  3.5
Fighting       | 4 |  4.1
Shields        | 4 |  4.0

Action                   || total
-------------------------++-------
Melee: Flail             ||   108
       Headbutt          ||     7
  Use: Potion            ||     2
       Scroll            ||     5
Armor: Scale mail        ||    67
Dodge: Dodged            ||    45
Block: Kite shield       ||    69

Table legend: (Time is in decaauts)
 A = Elapsed time spent in this place.
 B = Non-inter-level travel time spent in this place.
 C = Inter-level travel time spent in this place.
 D = Time resting spent in this place.
 E = Time spent auto-exploring this place.
 F = Levels seen in this place.
 G = Mean time per level.
                   A        B        C        D        E       F      G
               +--------+--------+--------+--------+--------+-----+--------+
         Total |   2416 |   2323 |     93 |    675 |   1278 |   2 | 1208.0 |
       Dungeon |   2416 |   2323 |     93 |    675 |   1278 |   2 | 1208.0 |
               +--------+--------+--------+--------+--------+-----+--------+

Top non-repeatable levels by time:
     D:1: 1504 daAuts
     D:2: 911 daAuts
